 Dungeon Crawl Stone Soup version 0.30-a0-778-g2ef04afb54 (webtiles) character file.

Game seed: 11023406993902111819

10460 AzureAlchemist the Destroyer (level 11, -4/84 HPs)
             Began as a Demigod Fire Elementalist on Feb 14, 2023.
             Killed from afar by an ice statue (23 damage)
             ... with a bolt of cold
             ... in an ice cave on Feb 15, 2023.
             The game lasted 01:11:44 (12111 turns).

AzureAlchemist the Destroyer (DgFE)                Turns: 12111, Time: 01:11:45

Health: -4/84      AC: 17    Str:  9    XL:     11   Next: 14%
Magic:  27/27      EV: 13    Int: 29    God:
Gold:   653        SH:  0    Dex: 20    Spells: 7/26 levels left

rFire   + + .      SeeInvis .    a - +6 broad axe (spect)
rCold   . . .      Faith    .    (no shield)
rNeg    . . .      Spirit   .    u - +3 leather armour of Vanity {Rampage rF+}
rPois   .          Reflect  .    s - +0 helmet
rElec   .          Harm     .    y - +0 cloak
rCorr   .          Rampage  +    H - +2 pair of gloves
Will    +....                    m - +0 pair of boots
Stlth   ++                       (no amulet)
HPRegen 0.34/turn                G - ring "Wudy" {rF+ AC+4}
MPRegen 0.20/turn                N - +6 ring of dexterity

@: studying Ranged Weapons
A: high MP 1, forlorn, divine attributes
a: no special abilities


You were in an ice cave.
You visited 2 branches of the dungeon, and saw 11 of its levels.
You also visited: Bailey and Ice Cave.

You collected 1043 gold pieces.
You spent 390 gold pieces at shops.

Inventory:

Hand Weapons
 a - a +6 spectral broad axe (weapon)
 b - a +1 shortbow of electrocution
 c - a +2 whip of electrocution
Missiles
 f - 2 silver javelins
 E - 14 curare-tipped darts
 F - 5 throwing nets
 I - 4 datura-tipped darts (quivered)
Armour
 m - a +0 pair of boots (worn)
 s - a +0 helmet (worn)
 u - the +3 leather armour of Vanity (worn) {Rampage rF+}
   (You found it on level 8 of the Dungeon)

   rF:        It protects you from fire.
   Rampage:   It bestows one free step when moving towards enemies.
 y - a +0 cloak (worn)
 H - a +2 pair of gloves (worn)
Magical Staves
 M - a staff of cold
 O - a staff of conjuration
Jewellery
 j - a ring of fire
 G - the ring "Wudy" (left hand) {rF+ AC+4}
   (You found it on level 4 of the Dungeon)

   [ring of protection]

   AC:        It affects your AC (+4).
   rF:        It protects you from fire.
 K - a ring of positive energy
 N - a +6 ring of dexterity (right hand)
Wands
 n - a wand of polymorph (13)
 L - a wand of flame (12)
 Q - a wand of mindburst (8)
 R - a wand of paralysis (4)
Scrolls
 e - a scroll of identify
 i - 3 scrolls of immolation
 k - 3 scrolls of amnesia
 o - 4 scrolls of poison
 x - a scroll of blinking
 C - 5 scrolls of teleportation
 D - a scroll of fear
 J - a scroll of fog
 P - a scroll of vulnerability
Potions
 d - 3 potions of haste
 h - 5 potions of flight
 l - a potion of attraction
 p - a potion of resistance
 q - 3 potions of might
 t - 4 potions of lignification
 v - a potion of curing
 w - a potion of mutation {unknown}
 z - a potion of degeneration {unknown}
 A - a potion of magic
 B - a potion of invisibility {unknown}


   Skills:
 + Level 4.2 Fighting
 + Level 5.5 Armour
 - Level 2.8 Dodging
 - Level 1.7 Stealth
 - Level 8.0 Spellcasting
 - Level 8.0 Conjurations
 - Level 4.0 Hexes
 - Level 2.0 Translocations
 - Level 8.0 Fire Magic
 - Level 2.0 Air Magic


You had 7 spell levels left.
You knew the following spells:

 Your Spells              Type           Power      Damage    Failure   Level
a - Foxfire               Conj/Fire      100%       2x1d9     1%          1
b - Scorch                Fire           100%       2d10      1%          2
c - Inner Flame           Hex/Fire       46%        N/A       1%          3
d - Flame Wave            Conj/Fire      55%        2d13      2%          4
e - Sticky Flame          Conj/Fire      55%        2d7       2%          4
f - Fireball              Conj/Fire      27%        3d12      6%          5

Your spell library contained the following spells:

 Spells                   Type           Power      Damage    Failure   Level
 Kindle Blastsparks       Fire/Tloc/Air  68%        2d15      3%          3
 Stone Arrow              Conj/Erth      68%        3d11      3%          3
 Ensorcelled Hibernation  Hex/Ice        46%        N/A       4%          2
 Call Imp                 Summ           11%        N/A       9%          2
 Spider Form              Tmut/Pois      11%        N/A       19%         3
 Anguish                  Hex/Necr       11%        N/A       26%         4
 Yara's Violent Unravell  Hex/Tmut       11%        3d6       58%         5
 Conjure Ball Lightning   Conj/Air       20%        3x3d6     75%         6
 Enfeeble                 Hex            17%        N/A       100%        7
 Discord                  Hex            17%        N/A       100%        8
 Disjunction              Tloc           11%        N/A       100%        8


Dungeon Overview and Level Annotations

Branches:
Dungeon (10/15)            Temple (0/1) D:4            Lair (1/5) D:10
 Bailey (visited)           IceCv (1/1)
    Orc: D:9-12

Shops:
D:8 :[

Portals:
Trove: D:10 (give +6 demon whip)

Annotations:
D:10 3 runed translucent doors, exclusion: 3 doors, dialectric's ghost, journeyman MiFi IceCv exclusion: ice statue


Innate Abilities, Weirdness & Mutations

You have an increased reservoir of magic. (+10% MP)
You shall have no god before yourself.
Your divine heritage dramatically boosts your attributes as you level up.


Message History

The ice statue gestures.
You feel a bond with your +6 spectral broad axe.
a - a +6 spectral broad axe (weapon)
You slash the ice beast!
The ice beast is moderately wounded.
Your +6 spectral broad axe barely misses the ice beast.
The ice beast completely misses you. The ice beast misses you.
You barely miss the ice beast.
The ice beast is moderately wounded.
Your +6 spectral broad axe closely misses the ice beast.
The ice beast misses you.
You hit the ice beast.
The ice beast is heavily wounded.
Your +6 spectral broad axe hits the ice beast!
The ice beast hits you but does no damage.
The ice beast closely misses you.
You barely miss the ice beast.
The ice beast is almost dead.
Your +6 spectral broad axe hits the ice beast!
You kill the ice beast!
The ice beast disappears in a puff of smoke!
Really walk into a travel-excluded area?
The ice statue gestures at you. The shard of ice hits you!!
You hit the ice statue.
The ice statue is lightly damaged.
Your +6 spectral broad axe hits the ice statue.
The ice statue gestures at you. The freezing blast engulfs you.
The ice statue gestures at you. The bolt of cold hits you!
You hit the ice statue but do no damage.
The ice statue is lightly damaged.
Your +6 spectral broad axe hits the ice statue!!
You are engulfed in freezing vapours.
* * * LOW HITPOINT WARNING * * *
Your +6 spectral broad axe is engulfed in freezing vapours. x3
The ice statue gestures at you. The bolt of cold hits you!!
You die...

##......... ####
#..........
##..########.........
##....##..##..........
#.....................
#..∩∩.............⌠...
#.......##.....○......
##....######○○○°......
##..## ##@°...... ####
#8(○...... ##........
##....... ##.....
#####


You could see an ice statue and a friendly +6 spectral broad axe (summoned).

Vanquished Creatures
  Gastronok (D:10)
  A two-headed ogre (D:9)
  A fire crab (D:10)
  A black mamba (Lair:1)
  An ice statue (IceCv)
  A cane toad (Lair:1)
  2 rime drakes (Lair:1)
  The ghost of bande the Covered, a novice GrFi (D:7)
  An ice devil (IceCv)
  A troll (D:9)
  A hornet (D:8)
  A vampire (D:10)
  A wraith (D:10)
  3 steam dragons
  5 water moccasins
  Duvessa (D:6)
  5 orc warriors
  3 ice beasts
  2 black bears
  4 sky beasts
  2 centaurs
  The ghost of vexzain the Insei, an amateur OpTm (D:4)
  A phantom (D:7)
  4 kobold brigands (Bailey)
  7 bullfrogs
  3 scorpions
  A two-headed ogre simulacrum (IceCv)
  2 gnoll sergeants
  5 wights (D:7)
  Dowan (D:6)
  A killer bee (D:6)
  An elephant simulacrum (IceCv)
  3 howler monkeys
  3 hounds
  2 jellies
  5 orc priests
  2 gnoll boudas
  4 iguanas
  9 orc wizards
  A polar bear simulacrum (IceCv)
  19 gnolls
  18 adders
  2 shadow imps
  3 white imps
  2 worms (D:2)
  2 dart slugs
  34 orcs
  8 endoplasms
  4 giant cockroaches
  10 hobgoblins
  9 jackals
  3 quokkas
  6 ball pythons
  6 bats
  3 frilled lizards
  7 goblins
  12 kobolds
  3 rats
246 creatures vanquished.

Vanquished Creatures (collateral kills)
  2 orc warriors (Bailey)
  A two-headed ogre simulacrum (IceCv)
  A troll simulacrum (IceCv)
4 creatures vanquished.

Vanquished Creatures (others)
  An orc (D:7)
  370 foxfires
  6 plants (D:4)
377 creatures vanquished.

Grand Total: 627 creatures vanquished

Notes
Turn   | Place    | Note
-------+----------+-------------------------------------------
     0 | D:1      | AzureAlchemist the Demigod Fire Elementalist began the
                  | quest for the Orb.
     0 | D:1      | Reached XP level 1. HP: 14/14 MP: 5/5
   260 | D:1      | Reached XP level 2. HP: 20/20 MP: 6/8
   289 | D:1      | Learned a level 2 spell: Scorch
   815 | D:2      | Upgraded the game from 0.30-a0-777-ga9a30cbeda to
                  | 0.30-a0-778-g2ef04afb54
   916 | D:2      | Reached XP level 3. HP: 26/26 MP: 6/10
   949 | D:2      | Learned a level 3 spell: Inner Flame
  1431 | D:3      | Identified the +6 mace of Prudence {antimagic, rPois Dex+2}
  1546 | D:3      | Reached XP level 4. HP: 25/33 MP: 6/12
  1594 | D:3      | Learned a level 4 spell: Flame Wave
  2712 | D:4      | Reached skill level 5 in Spellcasting
  2712 | D:4      | Reached XP level 5. HP: 38/38 MP: 8/15
  2767 | D:4      | Learned a level 4 spell: Sticky Flame
  2792 | D:4      | Found a transporter.
  2813 | D:4      | Noticed vexzain's ghost (amateur OpTm)
  2839 | D:4      | Found a staircase to the Ecumenical Temple.
  2970 | D:4      | Reached skill level 1 in Hexes
  3089 | D:4      | Reached XP level 6. HP: 45/45 MP: 6/16
  3165 | D:4      | Found a transporter.
  3636 | D:5      | Entered Level 5 of the Dungeon
  4085 | D:5      | Reached skill level 1 in Conjurations
  4407 | D:6      | Noticed Dowan
  4488 | D:6      | Noticed a water moccasin
  4493 | D:6      | Reached XP level 7. HP: 43/50 MP: 7/18
  5040 | D:6      | Reached XP level 8. HP: 56/57 MP: 15/19
  5212 | D:6      | Reached skill level 5 in Conjurations
  5212 | D:6      | Reached skill level 5 in Fire Magic
  5646 | D:6      | Noticed Duvessa
  5651 | D:6      | Killed Duvessa
  5656 | D:6      | Killed Dowan
  6044 | D:7      | Learned a level 3 spell: Kindle Blastsparks
  6315 | D:7      | Found a runed translucent door.
  6393 | D:7      | Noticed bande's ghost (novice GrFi)
  6404 | D:7      | Reached skill level 1 in Translocations
  6404 | D:7      | Reached skill level 1 in Air Magic
  6657 | D:7      | Reached XP level 9. HP: 62/62 MP: 14/20
  7508 | D:8      | Found a flagged portal.
  7554 | Bailey   | Entered a bailey
  7971 | D:8      | Found Yrautaun's Book Emporium.
  7980 | D:8      | Bought the Anthology of Limned Accomplices for 390 gold
                  | pieces
  7986 | D:8      | Learned a level 5 spell: Fireball
  7988 | D:8      | Found Heap's Armour Shop.
  8250 | D:8      | Paralysed by a hornet for 2 turns
  8253 | D:8      | Reached skill level 1 in Fighting
  8889 | D:8      | Identified the +3 leather armour of Vanity {Rampage rF+}
  9487 | D:4      | Killed vexzain's ghost
  9488 | D:4      | Reached XP level 10. HP: 53/73 MP: 17/24
  9635 | D:4      | Identified the ring "Wudy" {rF+ AC+4}
  9749 | D:7      | Killed bande's ghost
  9750 | D:7      | Reached skill level 1 in Armour
 10208 | D:9      | Noticed a two-headed ogre
 10213 | D:9      | Killed a two-headed ogre
 10538 | D:10     | Entered Level 10 of the Dungeon
 10554 | D:10     | Found a staircase to the Lair.
 10554 | D:10     | Noticed a fire crab
 10568 | D:10     | Killed a fire crab
 10711 | D:10     | Found a runed translucent gate.
 10714 | D:10     | Found a runed translucent gate.
 10738 | D:10     | Found a runed translucent gate.
 11200 | D:10     | Found a portal to a secret trove of treasure.
 11236 | D:10     | Noticed dialectric's ghost (journeyman MiFi)
 11559 | Lair:1   | Entered Level 1 of the Lair of Beasts
 11561 | Lair:1   | Noticed Gastronok
 11690 | D:10     | Killed Gastronok
 11727 | Lair:1   | Noticed a black mamba
 11737 | Lair:1   | Killed a black mamba
 11749 | Lair:1   | Reached XP level 11. HP: 40/82 MP: 2/27
 11750 | Lair:1   | Reached skill level 5 in Armour
 11751 | Lair:1   | Found a frozen archway.
 11758 | IceCv    | Entered an ice cave
 12111 | IceCv    | Killed from afar by an ice statue

Illustrated notes

Levels and vault maps discovered:
D:1:      dpeg_arrival_tiny_g, layout_rooms, ebering_ecumenical_altar_box
D:2:      layout_rooms, kennysheep_generic_room_15
D:3:      layout_rooms, kennysheep_crisscross, st_stairs_7,
          minmay_stone_trees_small
D:4:      layout_basic, minmay_temple_entry_large_hall,
          gammafunk_ghost_gnarly_gnolls
D:5:      layout_rooms, grunt_temple_overflow_open, nemelex_spade_bored_becter
D:6:      layout_loops_ring, kennysheep_little_box, gup_sewer_entry_glass,
          minmay_alternating_orb, uniq_duvessa
D:7:      layout_basic, ebering_ghost_reflecting_pool, hangedman_misty_isle
D:8:      layout_cave_pools, serial_shops, shop, nicolae_shop_statue_plus,
          serial_co_window_serial, co_window_paths_a,
          co_window_of_opportunity_a, co_window_cross_1, co_window_corner_a,
          co_window_corner_a, co_window_paths_a, co_window_corner_cb,
          co_window_broadway_c, co_window_cross_2, co_window_broadway_b,
          co_window_broadway_a, co_window_corner_b, glass_columns_c,
          glass_columns_b, glass_columns_b, glass_columns_a, enter_bailey_5
D:9:      layout_rooms, kennysheep_windowed_goal
D:10:     wander_river, layout_basic, nicolae_ru_great_annihilating_truth,
          minmay_lair_entry_lava, nicolae_trove_entry_crossroad,
          gammafunk_ghost_icy
Lair:1:   layout_cave_shapes, basic_altar, portal_ice_cave_rime, uniq_amaemon,
          uniq_urug, uniq_gastronok
IceCv:    ice_cave_tombish

Skill      XL: |  1  2  3  4  5  6  7  8  9 10 11 |
---------------+----------------------------------+-----
Spellcasting   | 2 3 5 7 8 |  8.0
Hexes          | 2 3 4 |  4.0
Fire Magic     | 4 6 7 8 |  8.0
Conjurations   | 1 4 6 7 8 |  8.0
Translocations | 1 2 |  2.0
Air Magic      | 1 2 |  2.0
Dodging        | 2 |  2.8
Fighting       | 2 3 4 |  4.2
Armour         | 4 5 |  5.5
Stealth        | |  1.7

Action                     |  1- 3 |  4- 6 |  7- 9 | 10-12 || total
---------------------------+-------+-------+-------+-------++-------
  Melee: Unarmed           |     2 |       |       |       ||     2
         Hand axe          |       |    28 |     8 |       ||    36
         Whip              |       |       |    17 |       ||    17
         Dagger            |       |       |    15 |       ||    15
         Broad axe         |       |       |     7 |    30 ||    37
         Staff             |       |       |     1 |       ||     1
         Punch             |       |       |     1 |       ||     1
   Fire: Shortbow          |       |       |       |     8 ||     8
  Throw: Dart              |       |       |     1 |       ||     1
   Cast: Foxfire           |    47 |    97 |    58 |     6 ||   208
         Scorch            |     8 |    29 |    46 |     4 ||    87
         Inner Flame       |       |       |    25 |     3 ||    28
         Sticky Flame      |       |       |    12 |     4 ||    16
         Flame Wave        |       |       |     9 |     6 ||    15
         Kindle Blastspark |       |       |     5 |       ||     5
         Fireball          |       |       |     6 |    16 ||    22
    Use: Scroll            |       |     7 |     8 |     7 ||    22
         Potion            |       |       |     4 |     4 ||     8
   Stab: Sleeping          |       |     3 |       |     2 ||     5
         Distracted        |       |       |       |     1 ||     1
 Armour: Robe              |     3 |     8 |    20 |       ||    31
         Leather armour    |       |       |     9 |    24 ||    33
  Dodge: Dodged            |     8 |    26 |    72 |    43 ||   149

Table legend: (Time is in decaauts)
 A = Elapsed time spent in this place.
 B = Non-inter-level travel time spent in this place.
 C = Inter-level travel time spent in this place.
 D = Time resting spent in this place.
 E = Time spent auto-exploring this place.
 F = Levels seen in this place.
 G = Mean time per level.
                   A        B        C        D        E       F      G
               +--------+--------+--------+--------+--------+-----+--------+
         Total |  12178 |  11668 |    510 |   2353 |   6779 |  13 |  936.8 |
       Dungeon |  11419 |  10909 |    510 |   2006 |   6666 |  10 | 1141.9 |
          Lair |     53 |     53 |      0 |      2 |      0 |   1 |   53.0 |
        Bailey |    352 |    352 |      0 |     70 |    113 |   1 |  352.0 |
      Ice Cave |    354 |    354 |      0 |    274 |      0 |   1 |  354.0 |
               +--------+--------+--------+--------+--------+-----+--------+

Top non-repeatable levels by time:
     D:6: 2018 daAuts
     D:7: 1637 daAuts
     D:4: 1453 daAuts
     D:8: 1278 daAuts
    D:10: 1202 daAuts
     D:3: 1194 daAuts
     D:1: 723 daAuts
     D:2: 689 daAuts
     D:5: 646 daAuts
     D:9: 575 daAuts
   IceCv: 354 daAuts
  Bailey: 352 daAuts
  Lair:1: 53 daAuts
